% Time on Ice - SACRAMENTO BANDITS
Lines # - Real PCT - Wanted PCT - Time Play
Normal Forward
1 - 36% - 35% - 14:47
2 - 30% - 30% - 12:14
3 - 28% - 30% - 11:25
4 - 7% - 5% - 2:42
Normal Defense
1 - 38% - 36% - 15:49
2 - 36% - 31% - 14:42
3 - 24% - 23% - 10:03
4 - 1% - 10% - 0:34
PP Forward
1 - 56% - 55% - 8:20
2 - 44% - 45% - 6:34
PP Defense
1 - 52% - 55% - 7:41
2 - 48% - 45% - 7:13
PK Forward
1 - 64% - 55% - 2:33
2 - 36% - 45% - 1:25
PK Defense
1 - 37% - 55% - 1:28
2 - 63% - 45% - 2:30
PK3 Forward
1 - 0% - 55%
2 - 0% - 45%
PK3 Defense
1 - 0% - 55%
2 - 0% - 45%
44 Forward
1 - 0% - 55%
2 - 0% - 45%
44 Defense
1 - 0% - 55%
2 - 0% - 45%
Last Minute Offensive  - 0:00
Last Minute Defensive  - 0:00
Total
Forward - 60:00
Defense - 60:00
% Time on Ice - CALGARY FIREMEN
Lines # - Real PCT - Wanted PCT - Time Play
Normal Forward
1 - 30% - 33% - 12:19
2 - 29% - 32% - 12:06
3 - 23% - 25% - 9:24
4 - 18% - 10% - 7:19
Normal Defense
1 - 36% - 33% - 14:37
2 - 45% - 32% - 18:31
3 - 18% - 25% - 7:13
4 - 2% - 10% - 0:47
PP Forward
1 - 58% - 55% - 2:19
2 - 42% - 45% - 1:39
PP Defense
1 - 48% - 55% - 1:55
2 - 52% - 45% - 2:03
PK Forward
1 - 60% - 55% - 9:00
2 - 40% - 45% - 5:54
PK Defense
1 - 46% - 55% - 6:51
2 - 54% - 45% - 8:03
PK3 Forward
1 - 0% - 55%
2 - 0% - 45%
PK3 Defense
1 - 0% - 55%
2 - 0% - 45%
44 Forward
1 - 0% - 55%
2 - 0% - 45%
44 Defense
1 - 0% - 55%
2 - 0% - 45%
Last Minute Offensive  - 0:00
Last Minute Defensive  - 0:00
Total
Forward - 60:00
Defense - 60:00
Play-by-Play 1st period 0:01 of 1st period - Evgeny Kuznetsov wins face-off versus Filip Forsberg in neutral zone. 1:49 of 1st period - Mason Marchment is hit by Radko Gudas and loses puck. 2:03 of 1st period - Icing by Nikita Zadorov. 2:04 of 1st period - Ryan Johansen wins face-off versus Cody Glass in CALGARY FIREMEN zone. 2:09 of 1st period - Shot by Oskar Lindblom. 2:09 of 1st period - Goal by Oskar Lindblom - SACRAMENTO BANDITS : 0 - CALGARY FIREMEN : 1. 2:10 of 1st period - Cody Glass wins face-off versus Sonny Milano in neutral zone. 2:10 of 1st period - Cody Glass is hit by Yakov Trenin. 2:20 of 1st period - Robert Fabbri is hit by Martin Fehervary and loses puck. 2:25 of 1st period - Shot by Cody Glass. 2:25 of 1st period - Shot Misses the Net. 2:27 of 1st period - Shot by Jordan Martinook. 2:27 of 1st period - Shot Blocked by Jacob Bryson. 2:29 of 1st period - Shot by Alexandre Carrier. 2:29 of 1st period - Shot Misses the Net. 2:31 of 1st period - Shot by Rasmus Sandin. 2:31 of 1st period - Shot Blocked by Jacob Bryson. 2:38 of 1st period - Minor Penalty to Martin Fehervary for Boarding. 2:39 of 1st period - Evgeny Kuznetsov wins face-off versus Filip Forsberg in CALGARY FIREMEN zone. 2:50 of 1st period - Shot by Evgeny Kuznetsov. 2:50 of 1st period - Stopped by Samuel Ersson without a rebound. 2:51 of 1st period - Filip Forsberg wins face-off versus Evgeny Kuznetsov in CALGARY FIREMEN zone. 4:15 of 1st period - Shot by Evander Kane. 4:15 of 1st period - Shot Misses the Net. 4:17 of 1st period - Shot by Brandon Tanev. 4:17 of 1st period - Shot Blocked by Nikita Zadorov. 4:19 of 1st period - Shot by Andrew Copp. 4:19 of 1st period - Stopped by Samuel Ersson without a rebound. 4:20 of 1st period - Jakob Silfverberg wins face-off versus Evgeny Kuznetsov in CALGARY FIREMEN zone. 4:41 of 1st period - Shot by Sonny Milano. 4:41 of 1st period - Shot Blocked by Janis Moser. 4:43 of 1st period - Shot by Jacob Bryson. 4:43 of 1st period - Shot Blocked by Radko Gudas. 4:46 of 1st period - Yakov Trenin is hit by Radko Gudas and loses puck. 5:11 of 1st period - Shot by Sonny Milano. 5:11 of 1st period - Shot Misses the Net. 5:13 of 1st period - Shot by Yakov Trenin. 5:13 of 1st period - Stopped by Carter Hart without a rebound. 5:14 of 1st period - Brett Howden wins face-off versus Andrew Copp in SACRAMENTO BANDITS zone. 5:14 of 1st period - Jake McCabe is hit by Rasmus Sandin and loses puck. 5:21 of 1st period - Joel Edmundson is hit by Brandon Tanev and loses puck. 5:25 of 1st period - Minor Penalty to Joel Edmundson for Hooking. 5:26 of 1st period - Evgeny Kuznetsov wins face-off versus Jakob Silfverberg in CALGARY FIREMEN zone. 6:07 of 1st period - Shot by Evgeny Kuznetsov. 6:07 of 1st period - Deflect By Andre Burakovsky. 6:07 of 1st period - Stopped by Samuel Ersson without a rebound. 6:08 of 1st period - Andrew Copp wins face-off versus Filip Forsberg in CALGARY FIREMEN zone. 7:15 of 1st period - Shot by Andre Burakovsky. 7:15 of 1st period - Deflect By Jonathan Huberdeau. 7:15 of 1st period - Shot Misses the Net. 7:17 of 1st period - Shot by Ryan McDonagh. 7:17 of 1st period - Stopped by Samuel Ersson without a rebound. 7:18 of 1st period - Evgeny Kuznetsov wins face-off versus Jakob Silfverberg in CALGARY FIREMEN zone. 7:50 of 1st period - Icing by Jordan Oesterle. 7:51 of 1st period - Yakov Trenin wins face-off versus Peyton Krebs in CALGARY FIREMEN zone. 8:00 of 1st period - Shot by Danil Gushchin. 8:00 of 1st period - Stopped by Samuel Ersson without a rebound. 8:01 of 1st period - Evgeny Kuznetsov wins face-off versus Brett Howden in CALGARY FIREMEN zone. 8:19 of 1st period - Shot by Jonathan Huberdeau. 8:19 of 1st period - Shot Blocked by Jake McCabe. 9:23 of 1st period - Shot by Evander Kane. 9:23 of 1st period - Shot Misses the Net. 9:25 of 1st period - Shot by Rasmus Sandin. 9:25 of 1st period - Stopped by Samuel Ersson without a rebound. 9:26 of 1st period - Ryan Johansen wins face-off versus Cody Glass in CALGARY FIREMEN zone. 9:28 of 1st period - Icing by Mason Marchment. 9:29 of 1st period - Ryan Johansen wins face-off versus Cody Glass in CALGARY FIREMEN zone. 9:29 of 1st period - Ryan Johansen is hit by Cody Glass. 9:34 of 1st period - Off-side. 9:35 of 1st period - Evgeny Kuznetsov wins face-off versus Ryan Johansen in neutral zone. 9:46 of 1st period - Shot by Jonathan Huberdeau. 9:46 of 1st period - Shot Blocked by Jordan Oesterle. 9:48 of 1st period - Shot by Andre Burakovsky. 9:48 of 1st period - Deflect By Jonathan Huberdeau. 9:48 of 1st period - Shot Misses the Net. 10:04 of 1st period - Shot by Andre Burakovsky. 10:04 of 1st period - Stopped by Samuel Ersson without a rebound. 10:05 of 1st period - Cody Glass wins face-off versus Filip Forsberg in CALGARY FIREMEN zone. 10:14 of 1st period - Jordan Martinook is hit by Martin Fehervary and loses puck. 10:40 of 1st period - Robert Fabbri is hit by Jacob Bryson and loses puck. 11:29 of 1st period - Shot by Andre Burakovsky. 11:29 of 1st period - Shot Misses the Net. 11:45 of 1st period - Icing by Nikita Zadorov. 11:46 of 1st period - Ryan Johansen wins face-off versus Andrew Copp in CALGARY FIREMEN zone. 11:46 of 1st period - Ryan Johansen is hit by Evander Kane. 11:59 of 1st period - Shot by Evander Kane. 11:59 of 1st period - Shot Misses the Net. 12:00 of 1st period - Major / Game Misconduct Penalty to Nikita Zadorov for Spearing. 12:00 of 1st period - Nikita Zadorov is ejected from game. 12:01 of 1st period - Andrew Copp wins face-off versus Filip Forsberg in CALGARY FIREMEN zone. 12:07 of 1st period - Evander Kane is hit by Jake McCabe and loses puck. 12:14 of 1st period - Shot by Andrew Copp. 12:14 of 1st period - Stopped by Samuel Ersson without a rebound. 12:15 of 1st period - Evgeny Kuznetsov wins face-off versus Jakob Silfverberg in CALGARY FIREMEN zone. 12:26 of 1st period - Shot by Evgeny Kuznetsov. 12:26 of 1st period - Stopped by Samuel Ersson without a rebound. 12:27 of 1st period - Andrew Copp wins face-off versus Filip Forsberg in CALGARY FIREMEN zone. 12:58 of 1st period - Shot by Evander Kane. 12:58 of 1st period - Stopped by Samuel Ersson with a rebound. 13:00 of 1st period - Shot by Andrew Copp. 13:00 of 1st period - Shot Misses the Net. 13:02 of 1st period - Shot by Janis Moser. 13:02 of 1st period - Goal by Janis Moser - SACRAMENTO BANDITS : 1 - CALGARY FIREMEN : 1. 13:03 of 1st period - Jakob Silfverberg wins face-off versus Evgeny Kuznetsov in neutral zone. 13:25 of 1st period - Shot by Andre Burakovsky. 13:25 of 1st period - Shot Blocked by Jacob Bryson. 13:27 of 1st period - Shot by Aaron Ekblad. 13:27 of 1st period - Shot Misses the Net. 13:29 of 1st period - Shot by Aaron Ekblad. 13:29 of 1st period - Goal by Aaron Ekblad - SACRAMENTO BANDITS : 2 - CALGARY FIREMEN : 1. 13:30 of 1st period - Andrew Copp wins face-off versus Filip Forsberg in neutral zone. 13:35 of 1st period - Shot by Evander Kane. 13:35 of 1st period - Shot Misses the Net. 13:37 of 1st period - Shot by Brandon Tanev. 13:37 of 1st period - Stopped by Samuel Ersson with a rebound. 13:39 of 1st period - Shot by Rasmus Sandin. 13:39 of 1st period - Stopped by Samuel Ersson without a rebound. 13:40 of 1st period - Evgeny Kuznetsov wins face-off versus Filip Forsberg in CALGARY FIREMEN zone. 13:40 of 1st period - Andre Burakovsky is hit by Joel Edmundson and loses puck. 16:31 of 1st period - Shot by Mason Marchment. 16:31 of 1st period - Stopped by Carter Hart with a rebound. 16:49 of 1st period - Shot by Evander Kane. 16:49 of 1st period - Stopped by Samuel Ersson with a rebound. 17:34 of 1st period - Shot by Cody Glass. 17:34 of 1st period - Stopped by Samuel Ersson without a rebound. 17:35 of 1st period - Peyton Krebs wins face-off versus Brett Howden in CALGARY FIREMEN zone. 17:35 of 1st period - Peyton Krebs is hit by Jake McCabe. 18:10 of 1st period - Icing by Jake McCabe. 18:11 of 1st period - Brett Howden wins face-off versus Cody Glass in CALGARY FIREMEN zone. 18:35 of 1st period - Shot by Jordan Martinook. 18:35 of 1st period - Shot Misses the Net. 18:37 of 1st period - Shot by Janis Moser. 18:37 of 1st period - Shot Blocked by Jakob Silfverberg. 18:39 of 1st period - Shot by Janis Moser. 18:39 of 1st period - Shot Misses the Net. 18:44 of 1st period - Jordan Martinook is hit by Jacob Bryson and loses puck. 19:48 of 1st period - Icing by Yakov Trenin. 19:49 of 1st period - Evgeny Kuznetsov wins face-off versus Yakov Trenin in CALGARY FIREMEN zone. Goals for this period are 2 for SACRAMENTO BANDITS vs 1 for CALGARY FIREMEN. Shots for this period are 16 for SACRAMENTO BANDITS vs 3 for CALGARY FIREMEN. 2nd period 0:01 of 2nd period - Evgeny Kuznetsov wins face-off versus Ryan Johansen in neutral zone. 0:07 of 2nd period - Andre Burakovsky is hit by Jake McCabe and loses puck. 0:21 of 2nd period - Andre Burakovsky is hit by Joel Edmundson and loses puck. 0:56 of 2nd period - Icing by Ryan McDonagh. 0:57 of 2nd period - Filip Forsberg wins face-off versus Evgeny Kuznetsov in SACRAMENTO BANDITS zone. 1:12 of 2nd period - Icing by Ryan McDonagh. 1:13 of 2nd period - Evgeny Kuznetsov wins face-off versus Yakov Trenin in SACRAMENTO BANDITS zone. 1:17 of 2nd period - Andre Burakovsky is hit by Jordan Oesterle and loses puck. 1:47 of 2nd period - Shot by Brandon Tanev. 1:47 of 2nd period - Shot Blocked by Liam Foudy. 2:00 of 2nd period - Liam Foudy is hit by Evander Kane and loses puck. 2:08 of 2nd period - Andrew Copp is hit by Jordan Oesterle and loses puck. 2:31 of 2nd period - Icing by Alexandre Carrier. 2:32 of 2nd period - Ryan Johansen wins face-off versus Cody Glass in SACRAMENTO BANDITS zone. 2:47 of 2nd period - Joel Edmundson is hit by Jordan Martinook and loses puck. 3:00 of 2nd period - Shot by Cody Glass. 3:00 of 2nd period - Stopped by Samuel Ersson with a rebound. 3:03 of 2nd period - Minor Penalty to Joel Edmundson for Hooking. 3:04 of 2nd period - Evgeny Kuznetsov wins face-off versus Filip Forsberg in CALGARY FIREMEN zone. 3:35 of 2nd period - Shot by Jonathan Huberdeau. 3:35 of 2nd period - Deflect By Andre Burakovsky. 3:35 of 2nd period - Shot Misses the Net. 3:37 of 2nd period - Shot by Ryan McDonagh. 3:37 of 2nd period - Stopped by Samuel Ersson with a rebound. 4:14 of 2nd period - Shot by Evander Kane. 4:14 of 2nd period - Deflect By Andrew Copp. 4:14 of 2nd period - Shot Misses the Net. 4:20 of 2nd period - Shot by Janis Moser. 4:20 of 2nd period - Shot Blocked by Jakob Silfverberg. 6:59 of 2nd period - Ryan McDonagh is hit by Joel Edmundson and loses puck. 7:08 of 2nd period - Shot by Mattias Janmark-Nylen. 7:08 of 2nd period - Stopped by Carter Hart without a rebound. 7:09 of 2nd period - Cody Glass wins face-off versus Ryan Johansen in SACRAMENTO BANDITS zone. 7:31 of 2nd period - Shot by Cody Glass. 7:31 of 2nd period - Stopped by Samuel Ersson without a rebound. 7:32 of 2nd period - Andrew Copp wins face-off versus Filip Forsberg in CALGARY FIREMEN zone. 7:35 of 2nd period - Shot by Evander Kane. 7:35 of 2nd period - Stopped by Samuel Ersson with a rebound. 7:40 of 2nd period - Icing by Filip Forsberg. 7:41 of 2nd period - Mattias Janmark-Nylen wins face-off versus Brandon Tanev in CALGARY FIREMEN zone. 7:41 of 2nd period - Mattias Janmark-Nylen is hit by Evander Kane. 8:47 of 2nd period - Oskar Lindblom is hit by Radko Gudas. 8:51 of 2nd period - Shot by Mason Marchment. 8:51 of 2nd period - Stopped by Carter Hart with a rebound. 8:53 of 2nd period - Shot by Mason Marchment. 8:53 of 2nd period - Shot Misses the Net. 8:56 of 2nd period - Oskar Lindblom is hit by Radko Gudas and loses puck. 9:21 of 2nd period - Aaron Ekblad is hit by Mason Marchment and loses puck. 9:28 of 2nd period - Shot by Andre Burakovsky. 9:28 of 2nd period - Shot Misses the Net. 10:41 of 2nd period - Shot by Robert Fabbri. 10:41 of 2nd period - Stopped by Samuel Ersson with a rebound. 12:49 of 2nd period - Icing by Janis Moser. 12:50 of 2nd period - Ryan Johansen wins face-off versus Cody Glass in SACRAMENTO BANDITS zone. 12:51 of 2nd period - Shot by Mason Marchment. 12:51 of 2nd period - Shot Blocked